Selects Australian Defense Battlegroup
Selects Australian Light Infantry Section
Australian Light Infantry Section
Construct Section Command Post
Construct Platoon Command Post
Unlock Bishop Self-propelled Artillery
Bishop Self-propelled Artillery
Bishop Self-propelled Artillery
Selects 2-pounder Anti-tank Gun Team
Selects Vehicle Over Repair
2-pounder Anti-tank Gun Team
Australian Light Infantry Section
Selects CMP 15cwt Supply Run
Selects Reinforced Resource Caches
Construct Company Command Post